 Dungeon Crawl Stone Soup version 0.24.0-29-g8ce449bc06 (webtiles) character file.

Game seed: 3341999398212066754, levelgen mode: deterministic

11872 Johnny the Carver (level 11, -1/94 HPs)
             Began as a Troll Berserker on Nov 14, 2019.
             Was a High Priest of Trog.
             Slain by a sun demon (15 damage)
             ... summoned by a kobold demonologist
             ... on level 12 of the Dungeon.
             The game lasted 00:14:38 (9861 turns).

Johnny the Carver (Troll Berserker)                 Turns: 9861, Time: 00:14:39

Health: -1/94      AC:  7    Str: 30    XL:     11   Next: 55%
Magic:  10/10      EV: 17    Int:  3    God:    Trog [*****.]
Gold:   439        SH:  0    Dex:  9    Spells: 10/10 levels left

rFire    . . .     SeeInvis +   n - +0 dagger (elec)
rCold    . . .     Gourm    +   (no shield)
rNeg     . . .     Faith    .   b - +0 animal skin
rPois    .         Spirit   .   (helmet restricted)
rElec    .         Reflect  .   A - +0 cloak
rCorr    .         Harm     .   (gloves unavailable)
MR       .....                  (boots unavailable)
Stlth    +.........             (no amulet)
HPRegen  0.65/turn              l - +3 ring of evasion
MPRegen  0.12/turn              g - ring of see invisible

@: about to teleport, berserk cooldown, slowed, very slow
A: large, unfitting armour, claws 3, fast metabolism 3, gourmand, regeneration
1, shaggy fur 1, tough skin 3
a: Berserk, Trog's Hand, Brothers in Arms, Renounce Religion


You were on level 12 of the Dungeon.
You worshipped Trog.
Trog was extremely pleased with you.
You were very full.

You visited 1 branch of the dungeon, and saw 12 of its levels.

You collected 649 gold pieces.
You spent 210 gold pieces at shops.

Inventory:

Hand Weapons
 a - a +0 falchion
 n - a +0 dagger of electrocution (weapon)
Armour
 b - a +0 animal skin (worn)
 A - a +0 cloak (worn)
Jewellery
 g - a ring of see invisible (right claw)
 l - a +3 ring of evasion (left claw)
Wands
 v - a wand of flame (6)
 z - a wand of disintegration (20)
Scrolls
 e - a scroll of fog
 m - 3 scrolls of enchant weapon
 o - 5 scrolls of remove curse
 q - a scroll of immolation
 s - 8 scrolls of teleportation
 u - 2 scrolls of enchant armour
 x - a scroll of identify
 y - a scroll of fear
Potions
 d - a potion of mutation
 f - 9 potions of curing
 h - 3 potions of might
 i - a potion of flight
 j - a potion of berserk rage
 k - a potion of lignification
 p - a potion of resistance
 r - a potion of magic
 t - 2 potions of invisibility
 w - 3 potions of heal wounds
Comestibles
 c - 18 rations


   Skills:
 - Level 2.4 Fighting
 * Level 12.6 Long Blades
 + Level 9.4 Dodging


You had 10 spell levels left.
You didn't know any spells.
Your spell library contained the following spells:

 Spells                   Type           Power        Failure   Level  Hunger
 Flame Tongue             Conj/Fire      #....        52%         1    ##.....
 Throw Flame              Conj/Fire      #.....       67%         2    ###....
 Conjure Flame            Conj/Fire      #.......     88%         3    ####...
 Inner Flame              Hex/Fire       #.......     88%         3    ####...
 Sticky Flame             Conj/Fire      #.......     99%         4    #####..
 Fireball                 Conj/Fire      #.........   100%        5    ######.


Dungeon Overview and Level Annotations

Branches:
Dungeon (12/15)            Temple (0/1) D:6            Lair (0/6) D:9
    Orc: D:9-12

Altars:
Ashenzari
Dithmenos
Elyvilon
Hepliaklqana
Kikubaaqudgha
Makhleb
Ru
Uskayaw
Wu Jian
Yredelemnul

Shops:
D:7 ![

Annotations:
D:11 3 runed translucent doors


Innate Abilities, Weirdness & Mutations

You are too large for most types of armour.
You have claws for hands.
Your metabolism is lightning-fast.
You like to eat raw meat.
Your natural rate of healing is unusually fast.
You are covered in fur. (AC +1)
You have extremely tough skin. (AC +3)


Message History

The kobold demonologist gestures wildly while chanting.
The adder misses you. The adder barely misses you.
The kobold demonologist gestures wildly while chanting.
The adder misses you.
You barely miss the adder. The adder bites you. The adder barely misses you.
The adder misses you.
You hit the adder but do no damage. The adder bites you.
You miss the adder. The adder misses you. The adder barely misses you.
The white imp grins evilly.
Okay, then.
As you read the scroll of teleportation, it crumbles to dust.
You feel strangely unstable. The sun demon hits you!
You are engulfed in flames!
The kobold demonologist begins to cast a cantrip, but forgets the words!
The sun demon hits you!!
* * * LOW HITPOINT WARNING * * *
You are engulfed in flames!
You die...

##'########
#....>.. #...##
#....... ###..#
######+# ##.#
#'##### ###
#5K)..###...
#S#.#.#.#.#.#
#3#55........
#@#.#K#.#.#.#
#...#..%5.[5...
#####.#.#<#.#.#
...............
#######.#.#.#.#
........ #.#
#.#.# ... $...
#.# #.#


You could see a sun demon, a kobold demonologist, an adder and a white imp.

Vanquished Creatures
  A hydra (D:12)
  A two-headed ogre (D:8)
  Pikel (D:8)
  A manticore (D:11)
  A rust devil (D:3)
  A troll (D:12)
  A hornet (D:11)
  5 hippogriffs
  A meliai zombie (D:12)
  A spriggan (shapeshifter) (D:11)
  2 wraiths
  A spriggan (D:9)
  2 wyverns
  9 yaks
  2 steam dragons
  A soldier ant (D:10)
  An acid dragon (D:11)
  A water moccasin (D:11)
  2 ice beasts
  4 slaves (D:8)
  2 orc warriors
  2 eyes of draining
  3 sky beasts
  A hornet zombie (D:9)
  A necrophage (D:10)
  6 ogres
  A centaur (D:9)
  2 phantoms
  2 crocodiles
  3 big kobolds
  5 bullfrogs
  Dowan (D:4)
  A scorpion (D:6)
  4 howler monkeys
  5 wights (D:7)
  2 bullfrog zombies
  3 crimson imps
  A gnoll shaman (D:7)
  5 hounds
  2 centaur skeletons
  5 orc priests
  5 jellies
  11 orc wizards
  5 iguanas
  Terence (D:3)
  6 worker ants
  11 gnolls
  9 adders
  A river rat (D:4)
  4 shadow imps
  An ooze (D:1)
  An adder skeleton (D:4)
  2 worms
  8 leopard geckos
  33 orcs
  2 ball pythons
  6 bats
  8 giant cockroaches
  10 goblins
  10 hobgoblins
  11 jackals
  21 kobolds
  5 quokkas
  A ball python skeleton (D:4)
  3 frilled lizards
  A quokka zombie (D:6)
  8 rats
280 creatures vanquished.

Vanquished Creatures (collateral kills)
  The ghost of Quirk the Blocker, a journeyman FoFi of Okawaru (D:10)
1 creature vanquished.

Vanquished Creatures (others)
  A plant (D:5)
1 creature vanquished.

Grand Total: 282 creatures vanquished

Notes
Turn   | Place    | Note
-------+----------+-------------------------------------------
     0 | D:1      | Johnny the Troll Berserker began the quest for the Orb.
     0 | D:1      | Reached XP level 1. HP: 22/22 MP: 0/0
   110 | D:1      | Reached XP level 2. HP: 29/29 MP: 1/1
   251 | D:1      | Reached skill level 3 in Long Blades
   361 | D:1      | Reached XP level 3. HP: 33/36 MP: 2/2
   909 | D:2      | Reached ** piety under Trog
   945 | D:2      | Reached XP level 4. HP: 33/44 MP: 3/3
  1017 | D:2      | Found a sacrificial altar of Ru.
  1018 | D:2      | Found a shattered altar of Ashenzari.
  1209 | D:2      | Reached skill level 4 in Long Blades
  1701 | D:3      | Found a faded altar of an unknown god.
  1718 | D:3      | Noticed Terence
  1727 | D:3      | Killed Terence
  1727 | D:3      | Reached XP level 5. HP: 50/50 MP: 4/4
  1903 | D:3      | Reached *** piety under Trog
  2052 | D:3      | Noticed Grinder
  2055 | D:3      | Paralysed by Grinder for 5 turns
  2061 | D:3      | Noticed Grinder
  2061 | D:3      | Grinder changed into Grinder the rust devil
  2336 | D:3      | Killed Grinder the rust devil
  2336 | D:3      | Reached skill level 5 in Long Blades
  2336 | D:3      | Reached XP level 6. HP: 34/59 MP: 5/5
  2336 | D:3      | Reached XP level 7. HP: 38/66 MP: 6/6
  2349 | D:3      | HP: 2/66 [shot self (17)]
  2831 | D:4      | Noticed Sigmund
  2834 | D:4      | Noticed Sigmund
  2834 | D:4      | Sigmund changed into Sigmund the river rat
  2840 | D:4      | Killed Sigmund the river rat
  2849 | D:4      | Noticed Dowan
  2850 | D:4      | Noticed Duvessa
  2959 | D:4      | Reached skill level 6 in Long Blades
  2984 | D:4      | Noticed Duvessa
  2984 | D:4      | Duvessa changed into Duvessa the yak
  2988 | D:4      | Killed Duvessa the yak
  3002 | D:4      | Killed Dowan
  3223 | D:4      | Reached skill level 5 in Dodging
  3400 | D:5      | Entered Level 5 of the Dungeon
  3426 | D:5      | Reached XP level 8. HP: 74/74 MP: 7/7
  3441 | D:5      | Reached skill level 7 in Long Blades
  3529 | D:5      | Found a hide-covered altar of Uskayaw.
  3881 | D:6      | Reached **** piety under Trog
  4079 | D:6      | Found a staircase to the Ecumenical Temple.
  4293 | D:6      | Reached skill level 8 in Long Blades
  4502 | D:7      | Found Hasynkeu's Distillery.
  4534 | D:7      | Bought a potion of invisibility for 112 gold pieces
  4534 | D:7      | Bought a potion of might for 56 gold pieces
  4534 | D:7      | Bought a potion of curing for 42 gold pieces
  4560 | D:7      | You fall into a shaft and drop 1 floor!
  4574 | D:8      | Noticed Pikel
  4618 | D:8      | Killed Pikel
  4618 | D:8      | Reached XP level 9. HP: 41/80 MP: 8/8
  4754 | D:7      | Reached skill level 9 in Long Blades
  4877 | D:7      | Found a white marble altar of Elyvilon.
  4877 | D:7      | Found a burning altar of Makhleb.
  4877 | D:7      | Found a hazy altar of Hepliaklqana.
  4979 | D:7      | Found a shadowy altar of Dithmenos.
  5196 | D:7      | Found Cugruri's Antique Armour Emporium.
  5261 | D:7      | Found an ornate altar of the Wu Jian Council.
  5601 | D:8      | Received a gift from Trog
  5812 | D:8      | Reached skill level 10 in Long Blades
  6040 | D:8      | Noticed a two-headed ogre
  6050 | D:8      | Killed a two-headed ogre
  6050 | D:8      | Reached XP level 10. HP: 88/88 MP: 9/9
  6057 | D:8      | Found an ancient bone altar of Kikubaaqudgha.
  6799 | D:9      | Reached ***** piety under Trog
  6821 | D:9      | Found a staircase to the Lair.
  7241 | D:10     | Entered Level 10 of the Dungeon
  7352 | D:10     | Reached skill level 11 in Long Blades
  7728 | D:10     | Found a large runed translucent door.
  7729 | D:10     | Found a large runed translucent door.
  7757 | D:10     | Noticed Quirk's ghost (journeyman FoFi)
  8023 | D:10     | Killed Quirk's ghost
  8452 | D:11     | Reached XP level 11. HP: 91/94 MP: 10/10
  8635 | D:11     | Got an encrusted hand axe
  8771 | D:11     | Identified the +6 hand axe "Novor" {chop, Fragile rC++
                  | Dex+6} (You found it on level 11 of the Dungeon)
  8817 | D:11     | Reached skill level 12 in Long Blades
  8855 | D:11     | Found a basalt altar of Yredelemnul.
  8964 | D:11     | Found a runed translucent gate.
  8965 | D:11     | Found a runed translucent gate.
  8965 | D:11     | Noticed a brown very ugly thing
  8965 | D:11     | Noticed a green ugly thing
  8965 | D:11     | Noticed a glowing orange brain
  8965 | D:11     | Noticed a brown ugly thing
  8965 | D:11     | Noticed a cyan ugly thing
  8965 | D:11     | Noticed a purple ugly thing
  8966 | D:11     | Found a runed translucent gate.
  8966 | D:11     | Noticed a white ugly thing
  8967 | D:11     | Noticed a red ugly thing
  9501 | D:12     | Noticed a six-headed hydra
  9511 | D:12     | Killed a six-headed hydra
  9841 | D:12     | Noticed an unseen horror
  9855 | D:12     | Noticed a sun demon
  9861 | D:12     | Slain by a sun demon

Levels and vault maps discovered:
D:1:      dpeg_arrival_pits, layout_loops_corners, minmay_cupped
D:2:      minmay_skewed_foursquare, layout_basic,
          gammafunk_temple_overflow_statue
D:3:      layout_loops_corners, chequers_ecumenical_altar_simple,
          grunt_decor_fettered, kennysheep_generic_room_2, uniq_terence,
          uniq_grinder
D:4:      layout_cave_pools, uniq_duvessa, uniq_sigmund
D:5:      layout_rooms, overflow_temple_1_default, first_ration,
          lexackson_kobold_supper
D:6:      layout_gridville, minmay_temple_entry_mist, hangedman_decor_push
D:7:      layout_basic, lemuel_crystal_altar,
          chequers_temple_overflow_statue_of_worship, lemuel_round_altar,
          serial_shops, nicolae_shop_behind_doors, shop
D:8:      layout_loops_cross, lemuel_crystal_altar, uniq_pikel
D:9:      layout_gridville, dpeg_oklobed_lair, grunt_pizzeria,
          minmay_fractal_squares_gapless_5
D:10:     layout_loops_ring, ebering_ghost_disaster_area, minmay_fountain_box
D:11:     layout_roguey, ploomutoo_gammafunk_ghost_potion_laboratory,
          basic_altar, kennysheep_generic_room_11
D:12:     layout_roguey, orc_0_dummy, st_stairs_10, chequers_serial_rivers_marsh

Skill      XL: |  1  2  3  4  5  6  7  8  9 10 11 |
---------------+----------------------------------+-----
Long Blades    | 3 4 5 6 8 10 11 12 | 12.6
Dodging        | 3 4 5 6 7 8 9 |  9.4
Fighting       | |  2.4

Action                   |  1- 3 |  4- 6 |  7- 9 | 10-12 || total
-------------------------+-------+-------+-------+-------++-------
Melee: Falchion          |    92 |   181 |   460 |   488 ||  1221
       Dagger            |       |       |       |   100 ||   100
Invok: Berserk           |     1 |     4 |    16 |    13 ||    34
       Trog's Hand       |       |     1 |     2 |       ||     3
Evoke: Wand              |       |     2 |    23 |    16 ||    41
  Use: Scroll            |       |     3 |     8 |    12 ||    23
       Potion            |       |       |     4 |     2 ||     6
  Eat: Chunk             |    14 |    17 |    51 |    47 ||   129
Armor: Animal skin       |    33 |    57 |   100 |   107 ||   297
       Skin              |       |     3 |       |       ||     3
Dodge: Dodged            |    48 |    99 |   257 |   311 ||   715
       Rpst.: Falchion   |    14 |    36 |    70 |    66 ||   186
